 Dungeon Crawl Stone Soup version 0.30-b1-2-g02819fbbbe (webtiles) character file.

Game seed: 4668259007665757610

28 Arzdou the Ducker (level 3, -6/30 HPs)
             Began as a Merfolk Monk on May 31, 2023.
             Mangled by a gnoll
             ... wielding a +1 flail of protection
              (8 damage)
             ... on level 1 of the Dungeon.
             The game lasted 00:01:14 (1022 turns).

Arzdou the Ducker (Merfolk Monk)                    Turns: 1022, Time: 00:01:14

Health: -6/30      AC:  2    Str: 11    XL:     3   Next: 14%
Magic:  3/3        EV: 14    Int:  9    God:
Gold:   70         SH:  5    Dex: 18    Spells: 2/2 levels left

rFire   . . .        a - +0 falchion
rCold   . . .        d - orb {light}
rNeg    . . .        b - +0 robe
rPois   .            (no helmet)
rElec   .            (no cloak)
rCorr   .            (no gloves)
SInv    .            (no boots)
Will    .....        f - amulet of reflection
Stlth   +            (no ring)
HPRegen 0.25/turn    (no ring)
MPRegen 0.08/turn

%: reflection
@: glowing
A: (nimble swimmer 2), mertail
a: no special abilities


You were on level 1 of the Dungeon.
You visited 1 branch of the dungeon, and saw 2 of its levels.

You collected 70 gold pieces.

Inventory:

Hand Weapons
 a - a +0 falchion (weapon)
Armour
 b - a +0 robe (worn)
 d - an orb of light (worn)
Jewellery
 f - an amulet of reflection (around neck)
Scrolls
 e - a scroll of silence {unknown}
 g - 2 scrolls of teleportation {unknown}
 h - 2 scrolls of identify {unknown}
 i - 2 scrolls of immolation {unknown}
 j - a scroll of magic mapping {unknown}
 k - a scroll of fear {unknown}
 l - a scroll of enchant weapon {unknown}
Potions
 c - a potion of ambrosia


   Skills:
 + Level 3.7 Fighting
 + Level 4.2 Long Blades
 + Level 4.6 Dodging


You had 2 spell levels left.
You didn't know any spells.
Your spell library was empty.

Dungeon Overview and Level Annotations

Branches:
Dungeon (2/15)

Altars:

Annotations:
D:2 Jessica


Innate Abilities, Weirdness & Mutations

((You are very nimble when in or above water. (Stealth+, EV+, Speed+++)))
Your lower body shifts to a powerful aquatic tail in water.


Message History

The gnoll is moderately wounded.
The gnoll closely misses you.
You hit the gnoll.
The gnoll is moderately wounded.
The gnoll hits you with a +1 flail of protection!
You hit the gnoll.
The gnoll is heavily wounded.
You block the gnoll's attack.
You hit the gnoll but do no damage.
The gnoll is heavily wounded.
The gnoll hits you with a +1 flail of protection.
You are too injured to fight recklessly!
You are too injured to fight recklessly!
You are too injured to fight recklessly!
You are too injured to fight recklessly!
You are too injured to fight recklessly!
You are too injured to fight recklessly!
You are too injured to fight recklessly!
You are too injured to fight recklessly!
You are too injured to fight recklessly!
You are too injured to fight recklessly!
You are too injured to fight recklessly!
You hit the gnoll.
The gnoll is heavily wounded.
The gnoll hits you with a +1 flail of protection.
* * * LOW HITPOINT WARNING * * *
You hit the gnoll but do no damage.
The gnoll is heavily wounded.
The gnoll barely misses you.
You hit the gnoll.
The gnoll is severely wounded.
The gnoll hits you with a +1 flail of protection!
* * * LOW HITPOINT WARNING * * *
You completely miss the gnoll.
The gnoll is severely wounded.
The gnoll misses you. The gnoll barely misses you.
You hit the gnoll but do no damage.
The gnoll is severely wounded.
The gnoll hits you with a +1 flail of protection!
You die...

#.####.# #......####
#####.....# #.###.# #######.#
#.# #.......###.##########
#.#...................
#.#.##g..#############
#.#..@.............###
#.########.....###.##.
########......# #..........#.
#.........###+###........#...
###.######........#........###.
#...# #........#........# #.
##.## #........#.....######.
##.#### #........#.........##[
#.....# #........#....####.##.


You could see a gnoll.

Vanquished Creatures
  A gnoll (D:1)
  2 ball pythons (D:1)
  2 endoplasms (D:1)
  A goblin (D:1)
  4 hobgoblins (D:1)
  2 quokkas (D:1)
  A bat (D:1)
  2 frilled lizards (D:1)
  A kobold (D:1)
  2 rats
18 creatures vanquished.

Notes
Turn   | Place    | Note
-------+----------+-------------------------------------------
     0 | D:1      | Arzdou the Merfolk Monk began the quest for the Orb.
     0 | D:1      | Reached XP level 1. HP: 18/18 MP: 1/1
   161 | D:1      | Reached XP level 2. HP: 24/24 MP: 2/2
   729 | D:2      | Noticed Jessica
   749 | D:1      | Reached XP level 3. HP: 7/30 MP: 3/3
  1022 | D:1      | Mangled by a gnoll

Illustrated notes

Levels and vault maps discovered:
D:1:      beargit_arrival_greenhouse, layout_basic, minmay_crystal_room,
          corexii_leaking_fountain
D:2:      layout_basic, uniq_jessica

Skill      XL: |  1  2 |
---------------+-------+-----
Long Blades    | 4 |  4.2
Fighting       | |  3.7
Dodging        | |  4.6

Action                     || total
---------------------------++-------
  Melee: Falchion          ||    49
 Armour: Robe              ||     6
  Dodge: Dodged            ||    31
  Block: Orb               ||     8
